 Dungeon Crawl Stone Soup version 0.25-a0-464-g3004169c2b (webtiles) character file.

Game seed: 10523723251062388219, levelgen mode: deterministic

0 Gargoyl the Skirmisher (level 1, -7/19 HPs)
             Began as a Centaur Abyssal Knight on Feb 4, 2020.
             Was a Follower of Lugonu.
             Mangled by a +2 mace of protection (16 damage)
             ... on level 2 of the Abyss.
             The game lasted 00:00:11 (76 turns).

Gargoyl the Skirmisher (Centaur Abyssal Knight)       Turns: 76, Time: 00:00:11

Health: -7/19      AC:  4    Str: 14    XL:     1   Next: 0%
Magic:  2/2        EV:  9    Int: 11    God:    Lugonu [*.....]
Gold:   13         SH:  0    Dex:  8    Spells: 0/0 levels left

rFire    . . .     SeeInvis .   a - +1 hand axe
rCold    . . .     Gourm    .   (no shield)
rNeg     . . .     Faith    .   b - +0 leather armour
rPois    .         Spirit   .   (no helmet)
rElec    .         Reflect  .   (no cloak)
rCorr    .         Harm     .   (no gloves)
MR       .....                  (no barding)
Stlth    ..........             (no amulet)
HPRegen  0.06/turn              (no ring)
MPRegen  0.08/turn              (no ring)

@: very quick
A: large, hooves 3, deformed body, speed 2, tough skin 3
a: Depart the Abyss, Renounce Religion


You were on level 2 of the Abyss.
You worshipped Lugonu.
Lugonu was aware of your devotion.
You were not hungry.

You visited 0 branches of the dungeon, and saw 0 of its levels.
You visited the Abyss 1 time.

You collected 13 gold pieces.

Inventory:

Hand Weapons
 a - a +1 hand axe (weapon)
Armour
 b - a +0 leather armour (worn)
Comestibles
 c - a ration


   Skills:
 + Level 3.0 Fighting
 + Level 1.7 Axes
 + Level 1.3 Armour
 + Level 0.6 Dodging
 + Level 2.0 Invocations


You couldn't memorise any spells.
You didn't know any spells.
Your spell library was empty.

Dungeon Overview and Level Annotations

Branches:
Dungeon (0/15)

Altars:


Innate Abilities, Weirdness & Mutations

You have hooves in place of feet.
Armour fits poorly on your strangely shaped body.
You cover ground very quickly.
You have extremely tough skin. (AC +3)


Message History

You now have 13 gold pieces.
A +2 mace of protection comes into view.
The +2 mace of protection moves out of view.
Found a scroll labeled ABRAGG MYNGONOBO.
The neqoxec shouts!
You enter the shallow water.
Moving in this stuff is going to be slow.
The +2 mace of protection hits you.
The +2 mace of protection hits you but does no damage.
Tentacles burst from the starspawn's body! 2 starspawn tentacles come into view.
You see here a scroll labeled ABRAGG MYNGONOBO.
d - a scroll labeled ABRAGG MYNGONOBO The +2 mace of protection hits you!
As you read the scroll labeled ABRAGG MYNGONOBO, it crumbles to dust.
It is a scroll of identify.
You don't have any unidentified items.
The +2 mace of protection hits you!
Ouch! That really hurt!
You die...

#.≈≈≈# .#
#..#..##.≈≈≈. ##
#.. . ...#.#≈≈≈.
.## . .... #
#≈≈≈≈##... ..
#...##.#≈≈≈≈.#.#
.... .....≈≈≈≈#..
... #.##...≈≈♣≈.#
#..#...#.#≈≈≈(@# #
.. ###..#≈≈≈##...#
.. #.# ##.≈≈≈# ...#
#.##
...#.#≈≈≈##.##.. #
#.......≈≈≈..#. .#
. #.......≈≈≈#....
..
##.#.#..#≈≈≈≈#.#..#
. .##.##...≈≈3≈#
.### .##
..#..≈≈≈#.# #


You could see a +2 mace of protection.

Vanquished Creatures (others)
  2 starspawn tentacles (Abyss:2)
2 creatures vanquished.

Notes
Turn   | Place    | Note
-------+----------+-------------------------------------------
     0 | Abyss:1  | Gargoyl the Centaur Abyssal Knight began the quest for the
                  | Orb.
     0 | Abyss:1  | Reached XP level 1. HP: 19/19 MP: 2/2
     4 | Abyss:1  | Found a corrupted altar of Lugonu.
    33 | Abyss:1  | Noticed an eye of draining
    66 | Abyss:2  | Noticed a +2 mace of protection
    69 | Abyss:2  | Noticed a neqoxec
    69 | Abyss:2  | Noticed a tentacled starspawn
    76 | Abyss:2  | Mangled by a +2 mace of protection

Levels and vault maps discovered:
Abyss:2

Action                   || total
-------------------------++-------
  Use: Scroll            ||     1
Armor: Leather armour    ||     1

Table legend:
 A = Non-vault XP
 B = Vault XP
 C = Vault XP percentage of total XP
 D = Non-vault monster count
 E = Vault monster count
 F = Vault count percentage of total count
                 A         B        C        D         E       F
            +---------+---------+-------+---------+---------+-------
      Total |       0 |       0 |   N/A |       0 |       0 |  -nan
            +---------+---------+-------+---------+---------+-------
            +---------+---------+-------+---------+---------+-------
